cohdb
Replays
Latest Replays
All Replays
Popular Replays
Top Player Replays
Match Explorer
How It Works
Community
CoH3 Stats
Reddit
Sign in to upload your games and track your stats! →
Sign in with Steam
Match 47401808
Unlisted
Match 47401808
Overview
Messages
Build Orders
End
Panzergrenadier Squad
Panzergrenadier Squad
Panzergrenadier Squad
Construct Light Support Kompanie
MG34 Team
Fire Support Elements
Flakvierling Half-track
Pak 38 Mechanized Group
2.5-tonne Medical Truck
Veteran Squad Leaders
Panzerpioneer Squad
Selects Panzerjäger Kommand Battlegroup
Selects Mine Fields
Selects Defensive Positions
Combat Half-tracks
Construct Panzerarmee Kommand
Panzer III L Medium Tank
Walking Stuka Rocket Launcher
Emergency Repair Kits
Pak 38 Mechanized Group
Selects Tank Busters
Selects Crew Shock Tactics
Selects Anti-tank Overwatch
Armored Reserves
Anti-tank Overwatch
Tiger Heavy Tank
Vehicle Survival Package
Anti-tank Overwatch
Rapid Advance
Anti-tank Overwatch
Tiger Heavy Tank
ManBearPig
Ocelot
skibidi toilet battle pass
Assistant tothe Regional Manager
0
0
Comments
sign in to comment!
No comments posted yet!